Map: Interloper LE

Players

prttygrlrock

  • Race: Terran Terran
  • League: Platinum
  • Spawn Location: 11:00

Yata - Winner!

  • Race: Zerg Zerg
  • League: Gold
  • Spawn Location: 5:00

VOD

Have the link to the VOD?

Description

Time

  • Played on: Sept. 8, 2017, 12:05 a.m.
  • Length: 19:05
Show
View Real Time Build Order
Export as new Build Order

prttygrlrock Terran 

Build Orders: Command Center First (CC), MMM Bio 

Get SALT Encoding   

  12  0:01  SCV  
  13  0:13  SCV  
  14  0:19  Supply Depot  
  14  0:25  SCV  
  15  0:40  SCV  
  16  1:00  Command Center  
  16  1:03  SCV  
  17  1:15  SCV  
  18  1:21  Barracks  
  18  1:27  SCV  
  18  1:31  Refinery  
  19  1:39  SCV  
  20  1:51  SCV  
  21  2:03  Barracks  
  21  2:05  SCV  
  22  2:13  Orbital Command  
  22  2:16  Barracks Tech Lab  
  22  2:23  Supply Depot  
  22  2:27  Orbital Command  
  22  2:36  Concussive Shells, Marine  
  23  2:39  SCV  
  24  2:54  Barracks Reactor  
  25  2:58  SCV  
  25  2:59  SCV  
  25  3:01  Marauder  
  28  3:06  Barracks  
  28  3:08  Refinery  
  28  3:10  SCV  
  28  3:11  SCV  
  30  3:22  SCV, Engineering Bay  
  30  3:24  SCV  
  32  3:28  Marine  
  32  3:29  Stimpack  
  33  3:34  SCV  
  33  3:36  SCV  
  33  3:38  Marine x2  
  33  3:39  Refinery  
  37  3:46  SCV  
  37  3:48  SCV  
  39  3:50  Terran Infantry Weapons Level 1  
  39  3:55  Barracks Tech Lab  
  39  3:59  Supply Depot  
  39  4:02  SCV  
  40  4:03  Supply Depot  
  40  4:04  SCV  
  40  4:08  Marine x2  
  40  4:09  Marauder  
  45  4:16  Factory, Marine  
  46  4:20  SCV  
  46  4:22  Refinery  
  46  4:23  Supply Depot  
  47  4:26  Marine  
  47  4:29  Marine  
  47  4:30  Marine  
  50  4:32  SCV  
  50  4:33  SCV  
  50  4:34  Combat Shields  
  52  4:43  Marauder  
  52  4:45  SCV  
  55  4:48  SCV  
  56  4:53  Supply Depot, Marine x2, Marauder  
  56  4:57  SCV  
  61  5:00  SCV  
  61  5:04  Marauder  
  60  5:07  Factory Tech Lab  
  51  5:23  SCV  
  51  5:24  Marine x3  
  51  5:25  Marine  
  56  5:33  SCV  
  56  5:35  SCV  
  58  5:43  Siege Tank  
  58  5:47  Starport  
  58  5:48  Terran Infantry Armor Level 1  
  58  5:49  SCV  
  62  5:50  SCV  
  63  5:59  Marine x2, Marauder x2  
  63  6:01  SCV  
  63  6:02  SCV  
  70  6:14  SCV  
  71  6:20  Siege Tank  
  71  6:23  Marauder x2  
  71  6:24  Starport Reactor  
  78  6:28  Supply Depot  
  78  6:31  Supply Depot, Armory  
  78  6:38  SCV, Marine x2  
  81  6:46  Marauder x2  
  84  6:50  SCV  
  85  7:01  Siege Tank  
  85  7:02  Medivac x2  
  85  7:05  SCV  
  85  7:06  SCV  
  94  7:10  Marauder  
  94  7:11  Marine x2, Marauder  
  100  7:17  SCV, Engineering Bay  
  100  7:18  Supply Depot, SCV  
  102  7:31  Terran Vehicle And Ship Armor Level 1  
  102  7:39  Medivac x2, SCV  
  102  7:40  Supply Depot  
  102  7:41  Supply Depot, Terran Infantry Weapons Level 2  
  107  7:45  Terran Infantry Armor Level 2  
  107  7:50  SCV  
  108  7:55  Marauder  
  110  8:01  Marine x2  
  110  8:02  Marauder  
  114  8:11  Medivac  
  114  8:12  Medivac  
  118  8:19  Supply Depot  
  118  8:20  Supply Depot  
  106  8:36  SCV  
  107  8:45  Viking x2  
  107  8:48  Thor  
  117  8:50  SCV  
  117  8:51  SCV  
  119  9:00  Command Center  
  119  9:02  Marine x2, Marauder  
  123  9:03  SCV  
  124  9:12  Marauder  
  126  9:30  Terran Ship Weapons Level 1  
  126  9:35  Marine x2, Marauder x2  
  126  9:36  Medivac  
  126  9:37  Medivac  
  136  9:40  Thor  
  142  9:47  Supply Depot  
  142  9:49  Supply Depot  
  142  9:54  SCV x2  
  142  9:56  Refinery  
  142  9:58  Marine, Marauder x2  
  149  10:00  Refinery  
  149  10:15  Planetary Fortress  
  149  10:21  Missile Turret  
  149  10:25  SCV  
  149  10:27  Marine x2, Marauder x2  
  156  10:40  Terran Infantry Weapons Level 3  
  156  10:42  SCV  
  157  10:51  Missile Turret  
  157  10:52  SCV  
  158  11:00  Viking x2  
  149  11:21  SCV  
  149  11:22  SCV  
  151  11:26  SCV  
  151  11:29  Terran Ship Weapons Level 2  
  113  11:53  Marine x3, Marauder  
  116  12:11  Marine x2  
  116  12:14  Marauder  
  120  12:18  Marine  
  121  12:28  Marine  
  121  12:29  Marine  
  123  12:35  Marauder  
  125  12:57  Marauder  
  125  13:18  Marauder  
  86  13:20  Marine x3  
  79  13:38  Marine  
  79  13:40  Marauder  
  78  14:01  Marauder  
  78  14:22  Marauder  
  73  14:41  Marine x3  
  73  14:43  Marine  
  67  14:59  Marine x3  
  64  15:10  Marine  
  61  15:16  Marine  
  61  15:17  Marine  
  61  15:20  Orbital Command  
  41  15:34  Viking x2  
  43  15:35  Marine  
  43  15:36  Marine x3  
  47  15:51  SCV  
  47  15:53  Marine  
  47  16:18  Marine  
  47  16:19  Marine x3  
  47  16:22  Viking x2  
  45  16:36  Marine x2  
  45  16:37  Marine x2  
  32  16:55  Viking x2  
  32  16:56  Marine x4  
  28  17:17  Marine  
  28  17:18  Marine x2  
  28  17:20  Barracks Reactor  
  20  17:40  Marine x2  
Show
View Real Time Build Order
Export as new Build Order

Yata Zerg - Winner!

Build Orders: Hatch First, Muta Ling Bane 

Get SALT Encoding   

  12  0:01  Drone  
  13  0:13  Overlord  
  13  0:18  Drone  
  14  0:31  Drone x2  
  14  0:35  Drone  
  17  0:56  Hatchery, Drone  
  17  1:10  Extractor  
  16  1:11  Drone  
  16  1:15  Spawning Pool  
  16  1:18  Drone  
  17  1:35  Drone x2  
  19  1:42  Overlord  
  19  1:54  Drone  
  20  2:05  Queen  
  20  2:08  Zergling x4  
  24  2:10  Queen  
  24  2:11  Metabolic Boost  
  26  2:18  Drone  
  27  2:23  Drone x2  
  29  2:32  Drone  
  29  2:36  Drone  
  31  2:40  Overlord  
  31  2:49  Baneling Nest  
  30  2:55  Drone x3  
  33  3:02  Overlord  
  33  3:06  Drone  
  33  3:12  Drone, Lair  
  35  3:19  Evolution Chamber  
  34  3:23  Drone  
  34  3:24  Drone  
  34  3:25  Drone  
  34  3:26  Drone x3  
  40  3:32  Zergling x4  
  42  3:40  Zergling x2  
  43  3:45  Zergling x4  
  43  3:46  Zergling x4  
  47  3:55  Zerg Melee Weapons Level 1, Extractor  
  46  3:58  Drone x2  
  48  4:23  Hatchery  
  47  4:32  Drone x5, Evolution Chamber  
  47  4:33  Overlord x2, Drone  
  47  4:34  Overlord  
  52  4:52  Baneling x5  
  52  4:53  Baneling x2  
  49  5:18  Zergling x6  
  49  5:19  Zergling x14  
  53  5:38  Zergling x10  
  53  5:41  Baneling x4  
  58  5:43  Centrifical Hooks  
  58  5:46  Queen  
  58  5:47  Drone x2  
  58  5:48  Drone, Queen  
  65  5:53  Zerg Ground Armor Level 1  
  65  6:03  Extractor  
  64  6:06  Extractor  
  64  6:07  Drone x4  
  64  6:08  Extractor x2, Drone x4  
  62  6:15  Baneling x2  
  62  6:16  Baneling  
  62  6:17  Zergling x6  
  65  6:34  Drone x2  
  65  6:35  Drone x5  
  69  6:49  Zergling x8  
  72  6:58  Zerg Melee Weapons Level 2  
  72  7:03  Drone x5  
  72  7:04  Drone x3  
  80  7:12  Spire  
  79  7:16  Spire  
  79  7:17  Baneling  
  79  7:18  Baneling x5  
  79  7:19  Baneling x2  
  79  7:21  Zergling x6, Hatchery  
  80  7:25  Overlord  
  81  7:30  Zergling x2  
  81  7:49  Pneumatized Carapace  
  81  7:52  Zerg Ground Armor Level 2  
  81  7:58  Infestation Pit  
  80  8:10  Zergling x2  
  68  8:30  Zergling x2  
  68  8:31  Zergling x30  
  82  8:41  Mutalisk  
  82  8:42  Mutalisk x2  
  82  8:45  Overlord x3  
  82  8:46  Overlord x2  
  88  8:53  Zerg Flyer Weapons Level 1  
  88  8:54  Zerg Flyer Armor Level 1  
  88  9:03  Overlord x2, Zergling x4  
  88  9:04  Overlord x4  
  88  9:06  Zergling x2  
  91  9:11  Mutalisk x4  
  99  9:26  Mutalisk x6  
  111  9:34  Drone x11  
  111  9:37  Overlord x2  
  124  9:44  Hive  
  122  9:49  Zergling x2  
  122  9:50  Zergling x10  
  128  9:59  Mutalisk  
  128  10:00  Mutalisk x4  
  123  10:11  Zergling x2  
  123  10:12  Zergling x20  
  132  10:17  Zergling x2  
  132  10:19  Baneling x5  
  132  10:20  Baneling x2  
  133  10:27  Zergling x16  
  133  10:28  Zergling x4  
  143  10:33  Baneling x6  
  143  10:34  Baneling x8  
  142  10:46  Zergling x12  
  142  10:47  Zergling x8  
  152  10:51  Zergling x8  
  156  11:02  Zergling x4  
  156  11:03  Zergling x14  
  143  11:22  Zergling x18  
  150  11:26  Corruptor  
  133  11:41  Corruptor x6  
  133  11:42  Corruptor x2  
  110  11:48  Zergling x4  
  110  11:53  Zerg Flyer Weapons Level 2  
  107  11:56  Greater Spire  
  107  12:00  Zergling x2  
  107  12:01  Zergling x16  
  116  12:09  Extractor  
  116  12:10  Zergling x12  
  116  12:11  Zergling x2, Extractor  
  121  12:15  Baneling  
  121  12:16  Baneling x4  
  121  12:18  Zergling x6  
  121  12:20  Zergling x2  
  125  12:24  Baneling x3  
  125  12:25  Baneling x2  
  125  12:27  Corruptor x3  
  131  12:34  Corruptor  
  133  12:37  Zergling x6  
  133  12:38  Zergling x10  
  133  12:41  Baneling x5  
  133  12:42  Overlord, Baneling  
  141  12:54  Zergling x2  
  141  12:55  Zergling x12  
  148  13:06  Zergling x2, Hatchery  
  148  13:07  Zergling x8  
  132  13:17  Zergling x2  
  132  13:18  Zergling x8  
  103  13:29  Zergling x12  
  103  13:37  Zergling x4  
  103  13:38  Zergling x2  
  95  13:52  Zergling x2  
  95  13:53  Zergling x6  
  83  14:05  Zergling x10  
  83  14:09  Brood Lord x2  
  79  14:11  Brood Lord x3  
  79  14:14  Zergling x2  
  79  14:15  Zergling x4  
  82  14:25  Zergling x4  
  73  14:52  Corruptor x4  
  74  15:27  Spawning Pool  
  73  15:36  Spawning Pool  
  72  15:53  Drone x3  
  72  15:55  Drone x6  
  81  16:06  Corruptor  
  83  16:21  Brood Lord x3  
  83  16:25  Queen  
  89  16:27  Zergling x2  
  89  16:28  Zergling x2  
Tags
 
Add a new tag
Caveats
  • Supply blocks, unpowered buildings, or Contaminate may cause inaccurate times.
  • Supply counts are checked every 10 seconds.